 Dungeon Crawl Stone Soup version 0.31-a0-978-g1e143483b6 (webtiles) character file.

Game seed: 12849301039070300206

1241 serber55 the Ruffian (level 8, 0/60 HPs)
             Began as a Demonspawn Shapeshifter on Oct 30, 2023.
             Was a Believer of Makhleb.
             Slain by Duvessa
             ... wielding a +2 short sword of freezing
              (6 damage)
             ... on level 5 of the Dungeon.
             The game lasted 00:19:51 (4746 turns).

serber55 the Ruffian (Demonspawn Shapeshifter)      Turns: 4746, Time: 00:19:52

Health: 0/60       AC:  7    Str: 23    XL:     8   Next: 25%
Magic:  7/7        EV: 13    Int: 11    God:    Makhleb [**....]
Gold:   193        SH:  0    Dex: 13    Spells: 7/7 levels left

rFire   . .          .
                       - Unarmed
rCold   . . .        (no shield)
rNeg    . . .        l - +0 steam dragon scales
rPois   .            (helmet currently unavailable)
rElec   .            (cloak currently unavailable)
rCorr   .            (gloves currently unavailable)
SInv    .            (boots currently unavailable)
Will    +....        (no amulet)
Stlth   +            i - +6 ring of strength
HPRegen 0.30/turn    u - ring of willpower
MPRegen 0.20/turn

%: no passive effects
@: beast-form
A: beast (slay +2), claws 2, icy blue scales 1, magic regeneration, demonic
magic 1, low MP 1
a: Begin Untransformation, Renounce Religion, Minor Destruction


You were on level 5 of the Dungeon.
You worshipped Makhleb.
Makhleb was pleased with you.
You were a hulking beast.
You visited 2 branches of the dungeon, and saw 6 of its levels.
You also visited: Sewer.

You collected 193 gold pieces.

Inventory:

Missiles
 o - 10 poisoned darts
 t - a curare-tipped dart (quivered)
Armour
 l - +0 steam dragon scales (worn)
 n - a +0 cloak of willpower
 v - a +1 cloak
Jewellery
 i - a +6 ring of strength (left claw)
 u - a ring of willpower (right claw)
 w - a ring of positive energy
Talismans
 c - a beast talisman
 d - a flux talisman
Wands
 b - a wand of polymorph (10)
 p - a wand of flame (29)
Scrolls
 f - a scroll of fog
 q - 4 scrolls of immolation
 r - a scroll of teleportation
Potions
 a - a potion of degeneration {unknown}
 e - 4 potions of heal wounds
 g - a potion of ambrosia {unknown}
 h - a potion of haste
 j - 3 potions of curing
 k - a potion of magic
 m - a potion of attraction
 s - 4 potions of enlightenment
 x - a potion of might


   Skills:
 + Level 4.3 Fighting
 + Level 4.4 Dodging
 * Level 6.3 Unarmed Combat
 + Level 4.5 Shapeshifting


You had 7 spell levels left.
You didn't know any spells.
Your spell library contained the following spells:

 Spells                   Type           Power      Damage    Failure   Level
 Blink                    Tloc           0%         N/A       47%         2
 Poisonous Vapours        Pois/Air       0%         N/A       47%         2
 Mephitic Cloud           Conj/Pois/Air  0%         N/A       71%         3
 Ozocubu's Armour         Ice            0%         N/A       71%         3
 Manifold Assault         Tloc           0%         N/A       98%         4
 Freezing Cloud           Conj/Ice/Air   0%         6-21      100%        5
 Metabolic Englaciation   Hex/Ice        0%         N/A       100%        5
 Simulacrum               Ice/Necr       0%         N/A       100%        6


Dungeon Overview and Level Annotations

Branches:
Dungeon (5/15)             Temple (1/1) D:4           Sewer (visited)

Altars:
Ashenzari
Cheibriados
Dithmenos
Fedhas
Hepliaklqana
Makhleb
Nemelex Xobeh
Okawaru
Ru
Sif Muna
Trog
Uskayaw
Wu Jian

Annotations:
D:4 2 runed translucent doors
D:5 Duvessa


Innate Abilities, Weirdness & Mutations

You are a hulking beast.
Your limbs bulge with bestial killing power. (Slay +2)
You have very sharp fingernails.
You are partially covered in icy blue scales. (AC +2)
You regenerate magic rapidly.
Spells you cast may paralyse adjacent enemies.
Your magical capacity is low. (-10% MP)


Message History

Dowan is almost dead.
Dowan casts a spell at you. The puff of flame hits you!
You scratch Dowan.
Dowan is almost dead.
Dowan hits you but does no damage.
You closely miss Dowan.
Dowan is almost dead.
Dowan completely misses you.
You barely miss Dowan.
Dowan is almost dead.
Dowan hits you with a +0 dagger.
You claw Dowan!
You kill Dowan!
Makhleb accepts your kill.
You feel better.
Duvessa screams in rage.
Duvessa goes berserk!
You claw Duvessa!
Duvessa is moderately wounded.
Duvessa hits you with a +2 short sword of freezing!
Duvessa freezes you.
Duvessa hits you with a +2 short sword of freezing!
Duvessa freezes you.
* * * LOW HITPOINT WARNING * * *
You feel much better.
Duvessa hits you with a +2 short sword of freezing!
Duvessa freezes you.
Okay, then.
You closely miss Duvessa.
Duvessa is moderately wounded.
Duvessa hits you but does no damage.
You claw Duvessa! x2
Duvessa is severely wounded.
Duvessa hits you with a +2 short sword of freezing!
Duvessa freezes you.
Duvessa hits you with a +2 short sword of freezing!
* * * LOW HITPOINT WARNING * * *
Duvessa freezes you.
You die...

*,,*,* #..^..#######...#*..#
*,,*,* *#.##### #.#.#*#.#
,,,,,*** *,,* ##.#.# *.#
**,,,,>** *,** #....# *,*
**,,**,,* *,* ##..### *,*
**,,***,*#*,* #..†# *,*
,,,,,**,*#..*** ###..## *,*
**,,,**,,.....######....# *,*
,,,,,,,,,***#...he....#.# *,**
**,,,,,*** ######.##...#** *,,*
*,,,**,***########.####...# **,,
,,,,**,,,,.........#**..#.#*****,
**,,******####...###*,..#...,,,,,
*,,** *#.#.,,,,,..#*##****,
*,,,** *#.,##,,,,,,.# *, *,,,,*
*#.,***,,,,,,,* ** *,,*,* #.,**
*,,,,,,,*


You could see Duvessa (berserk).

Vanquished Creatures
  Sigmund (D:3)
  Eustachio (D:4)
  A steam dragon (D:4)
  An ice beast (D:5)
  A kobold brigand (Sewer)
  Blork the orc (D:4)
  Dowan (D:5)
  A gnoll bouda (D:4)
  3 hounds
  A jelly (D:4)
  Crazy Yiuf (D:2)
  Ijyb (D:3)
  A sleepcap (D:5)
  Terence (D:2)
  An orc wizard (D:4)
  4 gnolls (D:5)
  5 adders
  3 river rats (Sewer)
  A white imp (D:4)
  3 worms
  2 dart slugs
  12 orcs
  2 bats
  7 endoplasms
  2 giant cockroaches
  15 goblins
  10 hobgoblins
  5 jackals
  5 quokkas
  6 ball pythons
  3 frilled lizards
  13 kobolds
  2 rats
117 creatures vanquished.

Vanquished Creatures (others)
  An orc (D:4)
1 creature vanquished.

Grand Total: 118 creatures vanquished

Notes
Turn   | Place    | Note
-------+----------+-------------------------------------------
     0 | D:1      | serber55 the Demonspawn Shapeshifter began the quest for
                  | the Orb.
     0 | D:1      | Reached XP level 1. HP: 15/15 MP: 1/1
   357 | D:1      | Gained mutation: You have sharp fingernails. [demonic
                  | ancestry]
   357 | D:1      | Reached XP level 2. HP: 19/21 MP: 2/2
   436 | D:1      | Reached skill level 3 in Unarmed Combat
   494 | D:1      | You fall into a shaft and drop 1 floor!
   528 | D:2      | Noticed Terence
   546 | D:2      | Killed Terence
   547 | D:2      | Gained mutation: You are partially covered in icy blue
                  | scales. (AC +2) [demonic ancestry]
   547 | D:2      | Reached XP level 3. HP: 10/26 MP: 3/3
   636 | D:2      | Found a runed translucent door.
   637 | D:2      | Noticed Crazy Yiuf
  1123 | D:2      | Found a hazy altar of Hepliaklqana.
  1485 | D:2      | Killed Crazy Yiuf
  1486 | D:2      | Reached XP level 4. HP: 33/33 MP: 4/4
  1579 | D:3      | Noticed Ijyb
  1593 | D:3      | Killed Ijyb
  1702 | D:3      | Gained mutation: Spells you cast may paralyse adjacent
                  | enemies. [demonic ancestry]
  1702 | D:3      | Reached XP level 5. HP: 37/38 MP: 5/5
  1759 | D:3      | Reached skill level 4 in Unarmed Combat
  1996 | D:3      | Noticed Sigmund
  2185 | D:3      | Found a faded altar of an unknown god.
  2390 | D:3      | Killed Sigmund
  2391 | D:3      | Reached XP level 6. HP: 29/46 MP: 6/6
  2538 | D:4      | Found a staircase to the Ecumenical Temple.
  2547 | Temple   | Entered the Ecumenical Temple
  2558 | Temple   | Became a worshipper of Makhleb the Destroyer
  2642 | D:4      | Noticed Eustachio
  2674 | D:4      | Killed Eustachio
  2714 | D:4      | Reached skill level 5 in Unarmed Combat
  2841 | D:4      | Noticed Blork the orc
  3039 | D:4      | Killed Blork the orc
  3040 | D:4      | Gained mutation: You regenerate magic rapidly. [demonic
                  | ancestry]
  3040 | D:4      | Reached XP level 7. HP: 32/52 MP: 7/7
  3180 | D:4      | Found a large runed translucent door.
  3181 | D:4      | Found a large runed translucent door.
  3185 | D:4      | Found a large runed translucent door.
  3185 | D:4      | Found a large runed translucent door.
  3265 | D:4      | Noticed a steam dragon
  3271 | D:4      | Killed a steam dragon
  3354 | D:4      | Reached * piety under Makhleb
  3382 | D:4      | Identified the +8 sling "Zeuwowni" {freeze, Int+4}
  3840 | D:4      | Identified the +6 long sword of Distant Shores {drain,
                  | rElec rPois Str+2 Dex-2}
  3842 | D:4      | Gained mutation: Your magical capacity is low. (-10% MP)
                  | [potion of mutation]
  3878 | D:5      | Entered Level 5 of the Dungeon
  4272 | D:5      | Reached skill level 6 in Unarmed Combat
  4313 | D:5      | Gained mutation: You have very sharp fingernails. [demonic
                  | ancestry]
  4313 | D:5      | Reached XP level 8. HP: 34/60 MP: 7/7
  4331 | D:5      | Found a glowing drain.
  4350 | Sewer    | Entered a sewer
  4362 | Sewer    | Reached ** piety under Makhleb
  4724 | D:5      | Noticed Dowan
  4725 | D:5      | Noticed Duvessa
  4742 | D:5      | Killed Dowan
  4746 | D:5      | Slain by Duvessa

Illustrated notes

Levels and vault maps discovered:
D:1:      dpeg_arrival_boxorama, layout_loops_ring, minmay_lizard_pond
D:2:      layout_rooms, basic_altar, uniq_terence, uniq_crazy_yiuf_cottage
D:3:      layout_basic, hellmonk_ecumenical_altar_blasted, uniq_sigmund,
          uniq_ijyb
D:4:      corexii_shack_village, layout_loops_ring,
          minmay_temple_entry_sparse_star, minmay_hollow_rounded_squares,
          uniq_blork_the_orc, uniq_eustachio
D:5:      layout_rooms, chequers_temple_overflow_statue_of_worship,
          cheibrodos_sewer_entry_bend, chequers_serial_rivers_marsh,
          minivault_14, uniq_pikel, uniq_duvessa
Temple:   hellmonk_temple_of_storms

Skill      XL: |  1  2  3  4  5  6  7 |
---------------+----------------------+-----
Dodging        | 2 3 4 |  4.4
Unarmed Combat | 3 4 5 6 |  6.3
Shapeshifting  | 3 4 |  4.5
Fighting       | 2 3 4 |  4.3

Action                     |  1- 3 |  4- 6 |  7- 9 || total
---------------------------+-------+-------+-------++-------
  Melee: Unarmed           |    85 |   121 |   172 ||   378
         Punch             |       |     1 |     4 ||     5
  Throw: Dart              |       |     3 |       ||     3
  Evoke: Wand              |       |     2 |       ||     2
    Use: Potion            |     1 |     2 |     2 ||     5
         Scroll            |       |     6 |     5 ||    11
   Stab: Distracted        |       |       |     1 ||     1
 Armour: Animal skin       |    32 |    62 |       ||    94
         Skin              |     2 |    20 |       ||    22
         Ring mail         |       |     2 |    15 ||    17
         Steam dragon scal |       |       |    91 ||    91
  Dodge: Dodged            |    49 |    68 |    89 ||   206

Table legend: (Time is in decaauts)
 A = Elapsed time spent in this place.
 B = Non-inter-level travel time spent in this place.
 C = Inter-level travel time spent in this place.
 D = Time resting spent in this place.
 E = Time spent auto-exploring this place.
 F = Levels seen in this place.
 G = Mean time per level.
                   A        B        C        D        E       F      G
               +--------+--------+--------+--------+--------+-----+--------+
         Total |   4766 |   4549 |    217 |    982 |   2476 |   7 |  680.9 |
       Dungeon |   4413 |   4206 |    207 |    855 |   2354 |   5 |  882.6 |
        Temple |     22 |     12 |     10 |      0 |      0 |   1 |   22.0 |
         Sewer |    330 |    330 |      0 |    127 |    122 |   1 |  330.0 |
               +--------+--------+--------+--------+--------+-----+--------+

Top non-repeatable levels by time:
     D:4: 1431 daAuts
     D:3: 908 daAuts
     D:1: 843 daAuts
     D:2: 823 daAuts
     D:5: 405 daAuts
   Sewer: 330 daAuts
  Temple: 22 daAuts
